AoeStats
← dael_lv

Arabia

509363315Analyzed
1v1 RM · 5d ago on Sep 26, 2026· 41m 39s· 2 players
Game mode
Random Map
Map size
Tiny (2 player)
Population
200
Speed
Normal
Resources
Standard
Victory
Conquest
Starting age
Dark Age
Ending age
Imperial Age
RankedLock teamsTeams togetherTeam positionsShared explorationLock speedFull tech treeHidden civsTurbo modeCheats
Victory
Defeat
🇲🇽 Franks · Mexico
371
+20
🇻🇪 Vietnamese · Venezuela
459
-20
dael_lv
10:37 Feudal Age
11:34 Double-Bit Axe
16:56 Castle Age
18:05 Bow Saw
20:34 Wheelbarrow
20:19 Stone Mining
24:48 Gold Mining
25:29 Hand Cart
28:04 Gold Shaft Mining
27:51 Town Watch
31:45 Imperial Age
31:14 Forging
31:10 Scale Barding Armor
31:08 Husbandry
32:39 Chivalry
32:54 Cavalier
35:20 Iron Casting
34:20 Paladin
36:59 Chain Barding Armor
39:24 Blast Furnace
Asesinoenserie
12:21 Feudal Age
11:32 Loom
23:41 Castle Age
21:21 Man-at-Arms
27:13 Padded Archer Armor
29:56 Thumb Ring
31:06 Leather Archer Armor
30:41 Fletching
31:09 Herbal Medicine
31:32 Double-Bit Axe
33:21 Bodkin Arrow
35:03 Forging
38:56 Imperial Age
38:52 Scale Barding Armor
38:49 Scale Mail Armor
39:39 Crossbowman
Connection lost

Rejoining the realm…

Still unreachable

The connection could not be restored.

Session expired

The server has moved on; the page needs a fresh start.